 Dungeon Crawl Stone Soup version 0.28.0-45-g0d030f2227 (webtiles) character file.

Game seed: 1728243046441926906

3844 Fartwhistle the Transmogrifier (level 10, 0/110 HPs)
             Began as a Naga Transmuter on Apr 15, 2022.
             Was a Follower of Cheibriados.
             Slain by an orc warrior
             ... wielding a +0 short sword
              (2 damage)
             ... on level 9 of the Dungeon.
             The game lasted 00:43:03 (10661 turns).

Fartwhistle the Transmogrifier (Naga Transmuter)   Turns: 10661, Time: 00:43:04

Health: 0/110      AC:  8    Str: 15    XL:     10   Next: 18%
Magic:  18/19      EV: 11    Int: 20    God:    Cheibriados [*.....]
Gold:   217        SH:  0    Dex: 19    Spells: 13/21 levels left

rFire   x . .      SeeInvis +     - Unarmed
rCold   + + +      Faith    .   (shield currently unavailable)
rNeg    . . .      Spirit   .   (armour currently unavailable)
rPois   +          Reflect  .   (helmet currently unavailable)
rElec   .          Harm     .   (cloak currently unavailable)
rCorr   .          Rampage  .   (gloves currently unavailable)
Will    +....                   (no barding)
Stlth   ++........              E - amulet of regeneration
HPRegen 1.08/turn               v - +6 ring of dexterity
MPRegen 0.16/turn               o - ring of willpower

@: ice-form, weak-willed, very slow
A: freezing attack, amphibious, boosted hp, AC +3, large, see invisible,
(deformed body), (poison resistance), (slowness 2), spit poison 1, (naga tail 1)
a: Spit Poison, End Transformation, Renounce Religion, Bend Time


You were on level 9 of the Dungeon.
You worshipped Cheibriados.
Cheibriados was aware of your devotion.
You were a creature of crystalline ice.
You visited 2 branches of the dungeon, and saw 10 of its levels.

You collected 342 gold pieces.
You spent 125 gold pieces at shops.

Inventory:

Hand Weapons
 d - a +0 dagger of flaming
 u - a +0 club
Armour
 a - a +0 robe (melded)
 l - a +0 leather armour
 n - a +0 cloak (melded)
 r - a +0 buckler
 w - the +1 robe of the Maze {Str+7 Dex-5}
   (You bought it in a shop on level 1 of the Dungeon)

   Str:       It affects your strength (+7).
   Dex:       It affects your dexterity (-5).
 C - a +0 pair of gloves (melded)
 K - a +1 helmet
Jewellery
 h - a ring of positive energy
 m - an amulet of magic regeneration
 o - a ring of willpower (right front paw)
 q - an amulet of faith
 v - a +6 ring of dexterity (left front paw)
 E - an amulet of regeneration (around neck)
Wands
 e - a wand of iceblast (7)
 y - a wand of polymorph (14)
 J - a wand of flame (6)
Scrolls
 f - a scroll of blinking {unknown}
 g - a scroll of amnesia {unknown}
 i - a scroll of immolation {unknown}
 x - a scroll of fog {unknown}
 z - a scroll of holy word {unknown}
 D - a scroll of enchant weapon {unknown}
 G - a scroll of magic mapping
 I - a scroll of vulnerability
Potions
 b - a potion of magic {unknown}
 c - 3 potions of flight
 j - 2 potions of curing {unknown}
 k - 2 potions of mutation {unknown}
 p - a potion of cancellation {unknown}
 s - a potion of ambrosia {unknown}
 t - 2 potions of brilliance {unknown}
 B - 3 potions of degeneration {unknown}
 L - 2 potions of resistance {unknown}


   Skills:
 + Level 6.9 Fighting
 + Level 2.8 Dodging
 + Level 6.0 Unarmed Combat
 - Level 6.0 Spellcasting
 + Level 8.1 Transmutations
 - Level 3.0 Ice Magic
 + Level 4.1 Poison Magic


You had 13 spell levels left.
You knew the following spells:

 Your Spells              Type           Power      Damage    Failure   Level
a - Beastly Appendage     Tmut           76%        N/A       1%          1
b - Spider Form           Tmut/Pois      30%        N/A       2%          3
c - Ice Form              Ice/Tmut       28%        N/A       11%         4

Your spell library contained the following spells:

 Spells                   Type           Power      Damage    Failure   Level
 Wereblood                Tmut           38%        N/A       1%          2
 Passwall                 Tmut/Erth      18%        N/A       3%          2
 Animate Skeleton         Necr           12%        N/A       11%         1
 Apportation              Tloc           12%        N/A       11%         1
 Sandblast                Erth           12%        2d6       11%         1
 Summon Small Mammal      Summ           24%        N/A       11%         1
 Stone Arrow              Conj/Erth      12%        3d7       30%         3


Dungeon Overview and Level Annotations

Branches:
Dungeon (9/15)             Temple (1/1) D:7             Orc (0/2) D:9
   Lair: D:8-11

Altars:
Ashenzari
Cheibriados
Dithmenos
Elyvilon
Fedhas
Gozag
Hepliaklqana
Kikubaaqudgha
Makhleb
Nemelex Xobeh
Okawaru
Qazlal
Ru
Sif Muna
Trog
Uskayaw
Vehumet
Wu Jian
Xom
Yredelemnul
Zin
The Shining One

Shops:
D:1 *   D:4 :   D:5 (   D:6 =[

Annotations:
D:6 exclusion: downstairs
D:7 exclusion: 4 doors


Innate Abilities, Weirdness & Mutations

You are a creature of crystalline ice.
You have a powerful freezing melee attack.
You are amphibious.
Your maximum health is increased.
Your armour is entirely melded.
You are incapable of wielding weapons or throwing items.
((Your serpentine skin is tough. (AC +3)))
You have supernaturally acute eyesight. (SInv)
((Armour fits poorly on your strangely shaped body.))
((Your system is resistant to poisons. (rPois)))
((You cover ground very slowly.))
You can spit poison.
((You have a snake-like lower body.))


Message History

You kill the kobold brigand!
Cheibriados appreciates the change of pace.
Your Poison Magic skill increases to level 4!
You hit the ogre. You freeze the ogre.
The ogre is moderately wounded.
The ogre hits you with a +0 giant spiked club!!
The gnoll sergeant hits you from afar with a +0 trident.
You hit the ogre. You freeze the ogre.
The ogre is moderately wounded.
The gnoll sergeant hits you but does no damage.
You punch the ogre! You freeze the ogre.
You kill the ogre!
Cheibriados appreciates the change of pace.
Your Unarmed Combat skill increases to level 6!
You hit the orc warrior but do no damage.
The gnoll sergeant hits you from afar with a +0 trident.
You hit the orc warrior. You freeze the orc warrior.
The orc warrior is moderately wounded.
The orc warrior hits you with a +0 short sword.
The gnoll sergeant hits you from afar with a +0 trident.
Okay, then.
You barely miss the orc warrior.
The orc warrior is moderately wounded.
The gnoll sergeant hits you from afar with a +0 trident!
* * * LOW HITPOINT WARNING * * *
The orc warrior hits you with a +0 short sword!
* * * LOW HITPOINT WARNING * * *
As you read the scroll labelled LIUNIDISHRE, it crumbles to dust.
It is a scroll of enchant armour.
Your +0 helmet glows green for a moment.
The kobold brigand hits you but does no damage.
The orc warrior hits you with a +0 short sword!
* * * LOW HITPOINT WARNING * * *
As you read the scroll labelled GUVIKI TUEWAU, it crumbles to dust.
Magic quickly surges around you.
It was a scroll of vulnerability.
The kobold brigand hits you with a +0 short sword.
* * * LOW HITPOINT WARNING * * *
The orc barely misses you.
The orc warrior hits you with a +0 short sword.
You die...

#......#............
#......#............
#......##....##.....
#......##....##....#
#......##....##+####
#......##....#
#............#
#......#######
#ooY...# #.K....# .
##o######..
#Kg........
#..........
#..........
#..........
##.#######. #.#


You could see an orc warrior (weak-willed), 2 kobold brigands, a gnoll sergeant
(weak-willed) and 2 orcs.

Vanquished Creatures
  A two-headed ogre (D:7)
  A troll (D:9)
  Grinder (D:3)
  Duvessa (D:7)
  An ice beast (D:6)
  2 black bears
  A sky beast (D:7)
  3 ogres
  2 centaurs
  A necrophage (D:7)
  A phantom (D:6)
  Blork the orc (D:5)
  5 kobold brigands
  3 bullfrogs
  A wyvern zombie (D:6)
  2 scorpions (D:5)
  Dowan (D:7)
  2 howler monkeys
  2 vampire bats (D:7)
  2 centaur zombies
  A bullfrog zombie (D:5)
  A jelly (D:6)
  A centaur skeleton (D:5)
  2 hounds
  2 orc priests (D:8)
  Ijyb (D:5)
  4 iguanas
  4 orc wizards
  A killer bee zombie (D:7)
  A hound skeleton (D:4)
  7 gnolls
  7 adders
  A shadow imp (D:6)
  2 white imps
  An ufetubus (D:4)
  2 worms (D:2)
  4 dart slugs
  10 orcs
  5 ball pythons
  9 endoplasms
  5 giant cockroaches
  7 goblins
  8 hobgoblins
  A jackal (D:4)
  5 quokkas
  11 bats
  4 frilled lizards
  22 kobolds
  4 rats
167 creatures vanquished.

Vanquished Creatures (others)
  2 orc wizards (D:8)
2 creatures vanquished.

Grand Total: 169 creatures vanquished

Notes
Turn   | Place    | Note
-------+----------+-------------------------------------------
     0 | D:1      | Fartwhistle the Naga Transmuter began the quest for the
                  | Orb.
     0 | D:1      | Reached XP level 1. HP: 18/18 MP: 3/3
   392 | D:1      | Found a faded altar of an unknown god.
   595 | D:1      | Reached XP level 2. HP: 25/25 MP: 3/5
   873 | D:1      | Found Xeyw's Assorted Antiques.
  1278 | D:1      | Reached XP level 3. HP: 24/31 MP: 6/6
  1346 | D:1      | Learned a level 3 spell: Spider Form
  1728 | D:2      | Reached skill level 3 in Transmutations
  2390 | D:2      | Reached XP level 4. HP: 20/38 MP: 5/7
  2683 | D:2      | Reached skill level 1 in Poison Magic
  3523 | D:3      | Reached XP level 5. HP: 24/45 MP: 9/9
  3840 | D:3      | Noticed Grinder
  3848 | D:3      | Paralysed by Grinder for 3 turns
  3850 | D:3      | Killed Grinder
  3851 | D:3      | Reached skill level 4 in Transmutations
  3851 | D:3      | Reached XP level 6. HP: 27/55 MP: 5/10
  4339 | D:3      | Reached skill level 5 in Transmutations
  4349 | D:4      | Reached XP level 7. HP: 61/61 MP: 12/12
  4386 | D:4      | Found Ruonyll's Book Emporium.
  4584 | D:4      | Found a sacrificial altar of Ru.
  5066 | D:4      | Found a broken altar of Ashenzari.
  5327 | D:5      | Entered Level 5 of the Dungeon
  5327 | D:5      | Found Jaseux's Weapon Boutique.
  5421 | D:1      | Bought a transparent robe for 125 gold pieces
  5421 | D:1      | Identified the +1 robe of the Maze {Str+7 Dex-5} (You
                  | bought it in a shop on level 1 of the Dungeon)
  5731 | D:5      | Learned a level 4 spell: Ice Form
  5900 | D:5      | Noticed Blork the orc
  5913 | D:5      | Noticed Ijyb
  6341 | D:4      | Reached skill level 1 in Ice Magic
  6501 | D:5      | Killed Ijyb
  6563 | D:5      | Reached XP level 8. HP: 65/72 MP: 12/14
  6724 | D:5      | Found a blossoming altar of Fedhas.
  6762 | D:5      | Reached skill level 6 in Transmutations
  7259 | D:5      | Killed Blork the orc
  7642 | D:6      | Found Cequij's Jewellery Shop.
  7859 | D:6      | Reached skill level 5 in Fighting
  7926 | D:6      | Found Biaschacu's Armour Emporium.
  8257 | D:6      | Reached skill level 5 in Spellcasting
  8369 | D:6      | Reached XP level 9. HP: 81/81 MP: 11/16
  8608 | D:7      | Noticed a troll
  8636 | D:7      | Reached skill level 7 in Transmutations
  8933 | D:7      | Noticed a two-headed ogre
  9217 | D:7      | Killed a two-headed ogre
  9218 | D:7      | Reached skill level 5 in Unarmed Combat
  9268 | D:7      | Found a staircase to the Ecumenical Temple.
  9284 | D:7      | Found a shimmering altar of Xom.
  9302 | Temple   | Entered the Ecumenical Temple
  9376 | Temple   | Became a worshipper of Cheibriados the Contemplative
  9400 | D:7      | Noticed Dowan
  9473 | D:7      | Noticed Duvessa
  9486 | D:7      | Killed Duvessa
  9493 | D:7      | Killed Dowan
  9503 | D:7      | Found an opulent altar of Gozag.
  9505 | D:7      | Found a shadowy altar of Dithmenos.
  9506 | D:7      | Found a glowing silver altar of Zin.
  9512 | D:7      | Found a shimmering blue altar of Sif Muna.
  9739 | D:8      | Found a sparkling altar of Nemelex Xobeh.
  9873 | D:8      | Found a bloodstained altar of Trog.
 10048 | D:8      | Reached XP level 10. HP: 64/92 MP: 17/19
 10184 | D:8      | Reached * piety under Cheibriados
 10185 | D:8      | Reached skill level 8 in Transmutations
 10616 | D:9      | Found a staircase to the Orcish Mines.
 10660 | D:9      | HP: 4/110 [orc warrior/+0 short sword (13)]
 10661 | D:9      | Slain by an orc warrior

Illustrated notes

Levels and vault maps discovered:
D:1:      lemuel_arrival_muddy, layout_loops_cross,
          ebering_ecumenical_altar_webs, serial_shops, nicolae_shop_waterfront,
          minmay_split_cup_small
D:2:      layout_loops_corners, serial_forest, infiniplex_forest_pool,
          infiniplex_forest_end_1, infiniplex_forest_straight_2,
          infiniplex_forest_straight_2, infiniplex_forest_lined_3
D:3:      layout_loops_ring, uniq_grinder
D:4:      minmay_wonky_spiral, layout_loops_cross,
          nicolae_ru_great_annihilating_truth, overflow_temple_1_default,
          serial_shops, nicolae_shop_behind_doors
D:5:      layout_basic, fedhas_altar_3, serial_shops, nicolae_stop_n_shop_1,
          uniq_blork_the_orc, uniq_ijyb
D:6:      layout_rooms, serial_shops, nicolae_lakefront_shop,
          nicolae_shop_behind_doors, chequers_serial_rivers_micro_e
D:7:      layout_cave_pools, nicolae_overflow_hallway_of_the_gods,
          minmay_temple_entry_glassed_door, kennysheep_cross_room,
          roderic_batcave, uniq_duvessa
D:8:      layout_loops_cross, mainiacjoe_overflow_catch_the_wave,
          nicolae_elevator_lobby_asterisk
D:9:      layout_gridville, kennysheep_orc_monster_closet_entryway,
          kennysheep_cluttered_room, grunt_decor_resistance, uniq_joseph
Temple:   hc_temple_tempest_star

Skill      XL: |  1  2  3  4  5  6  7  8  9 10 |
---------------+-------------------------------+-----
Transmutations | 3 4 5 6 7 8 |  8.1
Poison Magic   | 1 3 4 |  4.1
Fighting       | 2 4 5 6 |  6.9
Spellcasting   | 3 4 5 6 |  6.0
Ice Magic      | 1 3 |  3.0
Unarmed Combat | 4 5 6 |  6.0
Dodging        | 2 |  2.8

Action                   |  1- 3 |  4- 6 |  7- 9 | 10-12 || total
-------------------------+-------+-------+-------+-------++-------
Melee: Unarmed           |    82 |    70 |   327 |    39 ||   518
       Headbutt          |     6 |     2 |       |       ||     8
       Punch             |       |     1 |     3 |       ||     4
 Cast: Beastly Appendage |    15 |     7 |     3 |       ||    25
       Spider Form       |       |     6 |    27 |     1 ||    34
       Ice Form          |       |       |    27 |     4 ||    31
 Abil: Spit Poison       |    29 |    15 |    19 |       ||    63
  Use: Scroll            |       |     1 |     2 |     4 ||     7
       Potion            |       |       |       |     1 ||     1
 Stab: Sleeping          |       |     1 |     1 |       ||     2
Armor: Robe              |    17 |     9 |    17 |     1 ||    44
       Skin              |       |       |    63 |     8 ||    71
Dodge: Dodged            |    42 |    39 |   226 |    25 ||   332
